 Dungeon Crawl Stone Soup version 0.30-a0-715-gdb4ae3ece1 (webtiles) character file.

Game seed: 17283652491929904912

16 mopl the Sneak (level 2, -1/24 HPs)
             Began as a Merfolk Delver on Jan 24, 2023.
             Slain by a shadow imp (4 damage)
             ... on level 4 of the Dungeon.
             The game lasted 00:00:43 (159 turns).

mopl the Sneak (Merfolk Delver)                      Turns: 159, Time: 00:00:43

Health: -1/24      AC:  3    Str: 12    XL:     2   Next: 58%
Magic:  2/2        EV: 12    Int:  9    God:
Gold:   0          SH:  0    Dex: 15    Spells: 1/1 levels left

rFire   . . .      SeeInvis .    a - +0 falchion
rCold   . . .      Faith    .    (no shield)
rNeg    . . .      Spirit   .    b - +0 leather armour
rPois   .          Reflect  .    (no helmet)
rElec   .          Harm     .    (no cloak)
rCorr   .          Rampage  .    (no gloves)
Will    .....                    (no boots)
Stlth   +++                      (no amulet)
HPRegen 0.24/turn                (no ring)
MPRegen 0.08/turn                (no ring)

@: no status effects
A: (nimble swimmer 2), mertail
a: no special abilities


You were on level 4 of the Dungeon.
You visited 1 branch of the dungeon, and saw 2 of its levels.

Inventory:

Hand Weapons
 a - a +0 falchion (weapon)
Armour
 b - a +0 leather armour (worn)
Wands
 g - a wand of digging (9)
Scrolls
 c - a scroll of fog
 d - a scroll of magic mapping
 e - a scroll of fear
 i - 2 scrolls of immolation {unknown}
Potions
 f - a potion of haste
 h - a potion of lignification {unknown}


   Skills:
 - Level 3.2 Fighting
 + Level 3.8 Long Blades
 - Level 2.6 Dodging
 - Level 5.4 Stealth


You had one spell level left.
You didn't know any spells.
Your spell library was empty.

Dungeon Overview and Level Annotations

Branches:
Dungeon (5/15)
 Temple: D:4-7

Altars:


Innate Abilities, Weirdness & Mutations

((You are very nimble when in or above water. (Stealth+, EV+, Speed+++)))
Your lower body shifts to a powerful aquatic tail in water.


Message History

The white imp gestures at you. The puff of frost misses you.
You hit the white imp.
The white imp is heavily wounded.
The white imp hits you but does no damage.
You slash the white imp!
You kill the white imp!
A ball python comes into view.
The ball python hisses angrily.
You hit the ball python.
You kill the ball python!
A shadow imp comes into view.
A white imp comes into view.
The white imp shouts!
You hit the shadow imp.
The shadow imp is moderately wounded.
The shadow imp hits you.
A white imp comes into view.
You barely miss the shadow imp.
The shadow imp is moderately wounded.
The shadow imp gestures at you. Pain shoots through your body!
* * * LOW HITPOINT WARNING * * *
An adder comes into view.
You barely miss the shadow imp.
The shadow imp is moderately wounded.
The shadow imp closely misses you.
A shadow imp comes into view.
The shadow imp shouts, "Get thee hence, thou twisted flap-mouthed scavenger!"
The adder hisses angrily.
You hit the shadow imp but do no damage.
The shadow imp is moderately wounded.
The shadow imp closely misses you.
You hit the shadow imp.
The shadow imp is severely wounded.
The shadow imp gestures at you. Pain shoots through your body!
* * * LOW HITPOINT WARNING * * *
The shadow imp hits you.
You die...

##### ###....##
#.......#
..######.......#
..5S555...∩.....
##@.....#
#.......#
#....#### #....#
##....# #.....#
##.....# .#
##......# ..###
#..#....#


You could see an adder, 2 white imps and 2 shadow imps.

Vanquished Creatures
  An adder (D:4)
  A white imp (D:4)
  A ball python (D:4)
3 creatures vanquished.

Notes
Turn   | Place    | Note
-------+----------+-------------------------------------------
     0 | D:5      | mopl the Merfolk Delver began the quest for the Orb.
     0 | D:5      | Reached XP level 1. HP: 18/18 MP: 1/1
   132 | D:4      | Noticed a +0 hand axe
   133 | D:4      | Noticed a +0 dagger
   134 | D:4      | Reached skill level 3 in Long Blades
   134 | D:4      | Reached XP level 2. HP: 24/24 MP: 2/2
   159 | D:4      | Slain by a shadow imp

Illustrated notes

Levels and vault maps discovered:
D:4:      layout_rooms, mainiacjoe_overflow_paths, dancing_weapons_uskayaw,
          serial_demonic, serial_demonic_e, serial_demonic_a, serial_demonic_d,
          serial_demonic_d, serial_demonic_g
D:5:      layout_loops_corners, minmay_temple_entry_arrows

Skill      XL: |  1 |
---------------+----+-----
Long Blades    | 3 |  3.8
Fighting       | |  3.2
Dodging        | |  2.6
Stealth        | |  5.4

Action                     || total
---------------------------++-------
  Melee: Falchion          ||     9
   Stab: Sleeping          ||     1
 Armour: Leather armour    ||     1
  Dodge: Dodged            ||     3

Table legend: (Time is in decaauts)
 A = Elapsed time spent in this place.
 B = Non-inter-level travel time spent in this place.
 C = Inter-level travel time spent in this place.
 D = Time resting spent in this place.
 E = Time spent auto-exploring this place.
 F = Levels seen in this place.
 G = Mean time per level.
                   A        B        C        D        E       F      G
               +--------+--------+--------+--------+--------+-----+--------+
         Total |    159 |    159 |      0 |      0 |    120 |   2 |   79.5 |
       Dungeon |    159 |    159 |      0 |      0 |    120 |   2 |   79.5 |
               +--------+--------+--------+--------+--------+-----+--------+

Top non-repeatable levels by time:
     D:5: 132 daAuts
     D:4: 27 daAuts
